Map: Lightshade LE

Players

Anubis

  • Race: Protoss Protoss
  • League: Bronze
  • Spawn Location: 11:00

Pumba - Winner!

  • Race: Zerg Zerg
  • League: Silver
  • Spawn Location: 5:00

VOD

Have the link to the VOD?

Description

Time

  • Played on: July 27, 2021, 7:10 p.m.
  • Length: 12:22
Show
View Real Time Build Order
Export as new Build Order

Anubis Protoss 

Build Orders:  

Get SALT Encoding   

  12  0:03  Probe  
  13  0:15  Probe  
  14  0:24  Pylon  
  14  0:27  Probe  
  15  0:44  Forge  
  15  0:48  Probe  
  16  1:03  Pylon  
  16  1:15  Probe  
  17  1:19  Pylon  
  17  1:26  Photon Cannon  
  17  1:32  Photon Cannon  
  17  1:53  Probe  
  17  2:00  Nexus  
  17  2:08  Photon Cannon  
  17  2:13  Gateway  
  17  2:14  Probe  
  18  2:25  Assimilator  
  18  2:26  Probe  
  19  2:38  Probe  
  20  2:50  Probe (Chrono Boost), Assimilator  
  21  3:00  Pylon  
  21  3:01  Probe (Chrono Boost)  
  22  3:06  Probe (Chrono Boost)  
  23  3:12  Pylon  
  23  3:16  Probe  
  24  3:21  Cybernetics Core, Probe  
  25  3:32  Probe  
  25  3:33  Probe  
  27  3:42  Pylon  
  27  3:44  Probe  
  27  3:45  Probe  
  29  3:56  Probe  
  29  3:57  Probe  
  29  3:58  Stargate  
  29  3:59  Warp Gate  
  31  4:07  Photon Cannon  
  31  4:08  Probe  
  33  4:10  Probe  
  33  4:20  Probe  
  33  4:22  Probe  
  35  4:28  Pylon  
  35  4:29  Pylon  
  35  4:32  Probe  
  35  4:34  Probe  
  37  4:39  Shield Battery  
  37  4:42  Phoenix (Chrono Boost)  
  37  4:44  Probe  
  40  4:46  Probe  
  41  4:56  Robotics Facility x2  
  41  4:59  Probe x2  
  43  5:05  Phoenix  
  45  5:12  Assimilator  
  45  5:14  Assimilator  
  45  5:15  Pylon  
  45  5:24  Probe x2  
  47  5:32  Pylon  
  47  5:46  Immortal x2  
  55  5:51  Photon Cannon  
  55  5:53  Photon Cannon  
  55  5:56  Shield Battery  
  55  5:58  Pylon  
  55  6:02  Photon Cannon  
  55  6:20  Probe x2  
  55  6:22  Pylon  
  55  6:25  Observer x2  
  59  6:37  Gateway x2  
  59  6:40  Phoenix  
  59  6:41  Gateway  
  59  6:43  Gateway  
  59  6:46  Gateway  
  61  6:57  Immortal  
  61  6:58  Immortal  
  61  6:59  Protoss Ground Weapons Level 1 (Chrono Boost)  
  69  7:09  Void Ray  
  73  7:32  Probe x2  
  75  7:44  Stalker x5  
  85  7:54  Pylon  
  69  8:29  Nexus  
  69  8:32  Pylon x2  
  69  8:34  Immortal, Pylon  
  69  8:35  Immortal  
  77  8:41  Forge  
  77  8:42  Forge  
  77  8:47  Twilight Council  
  77  8:55  Assimilator  
  77  8:58  Probe x2  
  79  9:03  Shield Battery  
  79  9:06  Shield Battery  
  79  9:10  Probe x2  
  79  9:14  Photon Cannon  
  81  9:20  Immortal  
  81  9:22  Probe  
  81  9:23  Probe  
  87  9:25  Immortal  
  91  9:35  Pylon  
  91  9:37  Photon Cannon  
  91  9:39  Probe x2  
  91  9:43  Probe, Assimilator  
  94  10:05  Probe x2  
  94  10:06  Probe  
  97  10:17  Templar Archives, Probe  
  97  10:18  Probe x2  
  100  10:24  Immortal x2  
  96  10:35  Stalker x2  
  81  10:36  Stalker  
Show
View Real Time Build Order
Export as new Build Order

Pumba Zerg - Winner!

Build Orders: Pool First 

Get SALT Encoding   

  12  0:00  Drone  
  13  0:12  Overlord  
  13  0:19  Drone  
  14  0:30  Drone x2  
  16  0:41  Drone  
  17  0:45  Spawning Pool  
  17  0:49  Drone  
  17  1:08  Overlord  
  17  1:09  Drone, Extractor  
  17  1:40  Zergling x4  
  17  1:42  Drone  
  20  1:58  Queen  
  22  2:02  Drone x2  
  24  2:19  Hatchery  
  23  2:31  Drone  
  23  2:33  Queen  
  26  2:53  Metabolic Boost  
  26  2:55  Drone x3  
  29  3:07  Overlord  
  29  3:09  Drone  
  29  3:30  Drone x3  
  32  3:37  Drone  
  33  3:41  Roach Warren  
  33  3:48  Drone x4  
  36  3:52  Drone  
  37  4:03  Lair, Extractor  
  37  4:04  Extractor x2  
  37  4:05  Drone x2  
  37  4:06  Drone  
  37  4:22  Drone x3  
  40  4:24  Drone  
  40  4:28  Drone x2  
  40  4:29  Drone  
  40  4:30  Overlord x2  
  44  4:45  Overlord x3  
  44  4:59  Drone  
  45  5:00  Drone x2  
  47  5:09  Drone x3  
  47  5:11  Glial Reconstitution, Hatchery  
  49  5:22  Roach x5  
  59  5:33  Queen  
  61  5:46  Hydralisk Den  
  60  5:50  Roach x6  
  72  6:01  Overlord x3  
  72  6:02  Overlord x2  
  72  6:03  Overseer  
  72  6:23  Roach x5  
  82  6:32  Roach x4  
  90  6:39  Roach x3  
  94  6:51  Roach x3  
  98  7:12  Roach x8  
  114  7:16  Grooved Spines  
  114  7:20  Overlord  
  114  7:21  Overlord x2  
  114  7:38  Roach x4  
  114  7:39  Overlord  
  114  7:40  Roach  
  114  7:41  Roach x2  
  106  8:00  Roach x7  
  104  8:12  Roach x7  
  92  8:28  Muscular Augments  
  91  8:38  Hydralisk x9  
  109  9:03  Hydralisk  
  109  9:04  Hydralisk x6  
  123  9:14  Hydralisk x3  
  129  9:27  Overseer  
  129  9:34  Overseer  
  129  9:41  Hydralisk x6  
  141  10:00  Overlord x2  
  141  10:01  Hydralisk x2, Overlord x2  
  145  10:11  Evolution Chamber  
  145  10:12  Evolution Chamber  
  135  10:33  Hydralisk x8  
  151  10:41  Overlord x2  
  151  10:43  Hydralisk  
Tags
 
Add a new tag
Caveats
  • Supply blocks, unpowered buildings, or Contaminate may cause inaccurate times.
  • Supply counts are checked every 10 seconds.